 Dungeon Crawl Stone Soup version 0.20-a0-256-gabb291d (webtiles) character file.

3658 Kidiri the Thaumaturge (level 9, -6/72 HPs)
             Began as a Deep Elf Fire Elementalist on Dec 1, 2016.
             Was a Follower of Vehumet.
             Mangled by an iguana (7 damage)
             ... on level 8 of the Dungeon.
             The game lasted 00:24:59 (8018 turns).

Kidiri the Thaumaturge (Deep Elf Fire Elementalist) Turns: 8018, Time: 00:25:00

Health: -6/72      AC: 24    Str:  5    XL:     9   Next: 88%
Magic:  8/24       EV:  2    Int: 24    God:    Vehumet [*.....]
Gold:   177        SH:  0    Dex: 15    Spells: 12/31 levels left

rFire  . . .     SeeInvis .     x - +1 dagger (pierce)
rCold  + . .     Gourm    .     (armour currently unavailable)
rNeg   + + +     Faith    +     (no shield)
rPois  +         Spirit   .     (helmet currently unavailable)
rElec  .         Reflect  .     (cloak currently unavailable)
rCorr  .         Harm     .     (gloves currently unavailable)
MR     .....     NoTele   +     (boots currently unavailable)
Stlth  ++........               D - amulet of faith
                                B - ring "Ucegawel" {rC+ Stlth-}
                                y - ring of stealth

@: tree-form
A: (antennae 0), low mp 1, subdued magic 1
a: Renounce Religion


You were on level 8 of the Dungeon.
You worshipped Vehumet.
Vehumet was aware of your devotion.
You were hungry.
You were a tree.
You visited 2 branches of the dungeon, and saw 9 of its levels.

You collected 464 gold pieces.
You spent 287 gold pieces at shops.

Inventory:

Hand Weapons
 x - a +1 dagger of piercing (weapon)
Armour
 a - a +0 robe
 g - a +0 helmet
 j - a +1 cloak (melded)
 t - a +2 pair of gloves (melded)
 C - a +1 leather armour of magic resistance (melded)
Jewellery
 o - an uncursed amulet of magic regeneration
 y - a ring of stealth (left branch)
 B - the ring "Ucegawel" (right branch) {rC+ Stlth-}
   (You found it on level 6 of the Dungeon)

   [ring of loudness]

   It protects you from cold.
   It makes you less stealthy.
 D - an amulet of faith (around neck)
Wands
 h - a wand of confusion (48/48)
 k - a wand of slowing (17/48)
 A - a wand of lightning (0/15)
 E - a wand of paralysis (7/24)
Scrolls
 d - 2 scrolls of magic mapping
 i - 2 scrolls of noise
 m - a scroll of fog {unknown}
 u - a scroll of teleportation
 v - 5 scrolls of identify
 w - 3 scrolls of remove curse
Potions
 e - 2 potions of haste
 l - 2 potions of brilliance
 q - 2 potions of might
 r - a potion of agility
 s - a potion of resistance
 z - a potion of lignification
Books
 b - a book of Flames

   Spells                             Type                      Level
   a - Flame Tongue                   Conjuration/Fire             1
   b - Throw Flame                    Conjuration/Fire             2
   c - Conjure Flame                  Conjuration/Fire             3
   d - Inner Flame                    Hexes/Fire                   3
   e - Sticky Flame                   Conjuration/Fire             4
   f - Fireball                       Conjuration/Fire             5
Comestibles
 c - 4 bread rations
 f - 2 meat rations
 n - a slice of pizza
 p - 2 beef jerkies


   Skills:
 + Level 1.9 Fighting
 + Level 2.1 Short Blades
 + Level 1.8 Armour
 + Level 3.8 Dodging
 - Level 2.4 Stealth
 * Level 11.9 Spellcasting
 + Level 6.9 Conjurations
 + Level 8.1 Fire Magic
 + Level 0.4 Earth Magic
 + Level 2.6 Evocations


You had 12 spell levels left.
You knew the following spells:

 Your Spells              Type           Power        Failure   Level  Hunger
a - Flame Tongue          Conj/Fire      #####        1%          1    None
b - Throw Flame           Conj/Fire      #####.       1%          2    None
c - Conjure Flame         Conj/Fire      #####...     1%          3    None
d - Inner Flame           Hex/Fire       ####....     1%          3    None
e - Sticky Flame          Conj/Fire      #####...     1%          4    None
f - Fireball              Conj/Fire      #####.....   4%          5    ###....
g - Sandblast             Erth           ##....       3%          1    None


Dungeon Overview and Level Annotations

Branches:
Dungeon (8/15)             Temple (1/1) D:7
   Lair: D:8-11

Altars:
Ashenzari
Cheibriados
Dithmenos
Elyvilon
Fedhas
Gozag
Hepliaklqana
Kikubaaqudgha
Makhleb
Nemelex Xobeh
Okawaru
Qazlal
Ru
Sif Muna
Trog
Uskayaw
Vehumet
Xom
Yredelemnul
The Shining One

Shops:
D:4 ?


Innate Abilities, Weirdness & Mutations

((You have a pair of small antennae on your head.))
Your magical capacity is low. (-10% MP)
Your spells are a little easier to cast, but a little less powerful.


Message History

Vehumet accepts your kill.
The centaur wields a shortbow.
The centaur shoots an arrow.
The arrow hits you!
* * * LOW HITPOINT WARNING * * *
You see here an arrow.
Okay, then.
Unknown command.
Unknown command.
Unknown command.
Evoke which item? (* to show all) (? for menu, Esc to quit)
Okay, then.
Unknown command.
Unknown command.
You turn into a tree.
Your +1 cloak melds into your body.
Your +2 pair of gloves melds into your body.
Your +1 leather armour of magic resistance melds into your body.
You feel less resistant to hostile enchantments.
Your roots penetrate the ground.
The centaur shoots an arrow.
The arrow hits you but does no damage.
The centaur shoots an arrow.
The arrow hits you but does no damage. The iguana bites you!
You die...

.#c .... .
....... .
..#..##. ......
....# # ...# .#
. #..##.###..
#♣...>.....
#.##lo†#......
#.....<.......
........))..<#..
................
.......<.....##.
###.#..........
#.#.....>..... #
#...........


You could see a centaur, an iguana and an orc priest.

Vanquished Creatures
  Joseph (D:7)
  Sigmund (D:3)
  2 hungry ghosts (D:7)
  Menkaure (D:7)
  3 orc warriors
  2 ice beasts
  3 black bears
  A hornet zombie (D:6)
  A sky beast (D:6)
  2 centaurs (D:6)
  3 ogres
  3 bullfrogs
  2 big kobolds
  Blork the orc (D:5)
  2 scorpions
  3 crimson imps
  4 hounds
  A jelly (D:7)
  2 orc priests
  Crazy Yiuf (D:2)
  A bullfrog skeleton (D:7)
  5 orc wizards
  A centaur skeleton (D:4)
  3 iguanas
  4 worker ants
  3 hound skeletons
  A gnoll (D:1)
  A howler monkey skeleton (D:5)
  8 adders
  A shadow imp (D:6)
  An ooze (D:2)
  An adder skeleton (D:7)
  A worm (D:3)
  5 dart slugs
  11 leopard geckos
  18 orcs
  A ball python (D:6)
  4 giant cockroaches
  11 goblins
  7 hobgoblins
  2 jackals (D:7)
  21 kobolds
  2 quokkas
  5 bats
  7 frilled lizards
  7 rats
171 creatures vanquished.

Notes
Turn   | Place    | Note
-------+----------+-------------------------------------------
     0 | D:1      | Kidiri the Deep Elf Fire Elementalist began the quest for the Orb.
     0 | D:1      | Reached XP level 1. HP: 10/10 MP: 6/6
   260 | D:1      | Reached XP level 2. HP: 15/15 MP: 4/8
   406 | D:1      | Learned a level 2 spell: Throw Flame
   708 | D:1      | Reached XP level 3. HP: 19/19 MP: 2/10
   713 | D:1      | Learned a level 3 spell: Conjure Flame
   717 | D:1      | Learned a level 3 spell: Inner Flame
   996 | D:1      | Reached skill level 4 in Spellcasting
  1578 | D:2      | Reached XP level 4. HP: 18/24 MP: 7/12
  1763 | D:2      | Found a runed door.
  1767 | D:2      | Noticed Crazy Yiuf
  1775 | D:2      | Killed Crazy Yiuf
  2293 | D:3      | Gained mutation: Your magical capacity is low. (-10% MP) [potion of mutation]
  2293 | D:3      | Gained mutation: Your spells are a little easier to cast, but a little less powerful. [potion of mutation]
  2330 | D:3      | Reached skill level 5 in Spellcasting
  2367 | D:3      | Found a snail-covered altar of Cheibriados.
  2506 | D:3      | Found a stormy altar of Qazlal.
  2514 | D:3      | Found a bloodstained altar of Trog.
  2516 | D:3      | Reached XP level 5. HP: 28/28 MP: 7/13
  2522 | D:3      | Learned a level 4 spell: Sticky Flame
  2637 | D:3      | Noticed Sigmund
  2695 | D:3      | Killed Sigmund
  2695 | D:3      | Reached skill level 6 in Spellcasting
  2695 | D:3      | Reached skill level 5 in Fire Magic
  2695 | D:3      | Reached XP level 6. HP: 25/32 MP: 0/15
  3554 | D:4      | Found Pyodoz's Magic Scroll Shoppe.
  3581 | D:4      | Bought 2 scrolls of identify for 56 gold pieces
  3581 | D:4      | Bought a scroll of identify for 28 gold pieces
  3581 | D:4      | Bought a scroll of identify for 28 gold pieces
  3581 | D:4      | Bought a scroll of remove curse for 42 gold pieces
  3581 | D:4      | Bought a scroll of identify for 28 gold pieces
  3581 | D:4      | Bought a scroll of enchant armour for 105 gold pieces
  3699 | D:4      | Reached skill level 7 in Spellcasting
  4084 | D:4      | Found a bloodstained altar of Trog.
  4084 | D:4      | Found a deep blue altar of Sif Muna.
  4129 | D:4      | Reached XP level 7. HP: 36/36 MP: 11/18
  4136 | D:4      | Learned a level 5 spell: Fireball
  4524 | D:5      | Entered Level 5 of the Dungeon
  4792 | D:5      | Gained mutation: You have a pair of small antennae on your head. [potion of beneficial mutation]
  4840 | D:5      | Reached skill level 8 in Spellcasting
  5167 | D:5      | Noticed Blork the orc
  5172 | D:5      | Killed Blork the orc
  5247 | D:5      | Reached skill level 9 in Spellcasting
  5247 | D:5      | Reached XP level 8. HP: 41/41 MP: 11/20
  5510 | D:6      | Reached skill level 5 in Conjurations
  5770 | D:6      | Reached skill level 10 in Spellcasting
  5776 | D:6      | Gained mutation: Your system is resistant to poisons. (rPois) [mutagenic meat]
  5777 | D:6      | Lost mutation: Your system is resistant to poisons. (rPois) [mutagenic meat]
  6036 | D:6      | Got a brightly glowing granite ring
  6037 | D:6      | Identified the ring "Ucegawel" {rC+ Stlth-} (You found it on level 6 of the Dungeon)
  6521 | D:7      | Reached XP level 9. HP: 35/45 MP: 17/23
  6525 | D:7      | Reached skill level 11 in Spellcasting
  6620 | D:7      | Found a staircase to the Ecumenical Temple.
  6620 | D:7      | Noticed Menkaure
  6622 | D:7      | Killed Menkaure
  6626 | Temple   | Entered the Ecumenical Temple
  6796 | Temple   | Became a worshipper of Vehumet
  6931 | D:7      | Found a shadowy altar of Dithmenos.
  7010 | D:7      | Reached skill level 1 in Evocations
  7024 | D:7      | Reached skill level 1 in Fighting
  7024 | D:7      | Reached skill level 1 in Short Blades
  7024 | D:7      | Reached skill level 1 in Armour
  7235 | D:7      | Reached * piety under Vehumet
  7235 | D:7      | Offered knowledge of Sandblast by Vehumet.
  7273 | D:7      | Noticed Joseph
  7291 | D:7      | Killed Joseph
  7526 | D:7      | Learned a level 1 spell: Sandblast
  8017 | D:8      | HP: 1/48 [centaur/arrow (11)]
  8018 | D:8      | Mangled by an iguana

Vault maps used:
D:1:      nagdon_arrival_double_spiral
D:2:      first_bread, uniq_crazy_yiuf_cottage
D:3:      overflow_temple_1_default, cheibriados_altar_1,
          trog_three_pillars_becter, uniq_sigmund
D:4:      gammafunk_temple_overflow_wave, serial_shops, shop_coins
D:5:      uniq_blork_the_orc
D:7:      grunt_ministairs_5, nicolae_dithmenos_through_a_glass_darkly,
          uniq_menkaure, uniq_joseph
D:8:      zin_statuary, serial_shops, shop
Temple:   eino_temple_rhombus

Skill      XL: |  1  2  3  4  5  6  7  8  9 |
---------------+----------------------------+-----
Fire Magic     | 4 5 6 7 8 |  8.1
Spellcasting   | 4 5 6 7 9 10 11 | 11.9
Conjurations   | 2 3 4 6 |  6.9
Evocations     | 2 |  2.6
Fighting       | 1 |  1.9
Short Blades   | 2 |  2.1
Armour         | 1 |  1.8
Dodging        | 3 |  3.8
Stealth        | |  2.4
Earth Magic    | |  0.4

Action                   |  1- 3 |  4- 6 |  7- 9 || total
-------------------------+-------+-------+-------++-------
Melee: Dagger            |     3 |     9 |   193 ||   205
 Cast: Flame Tongue      |    47 |    49 |   103 ||   199
       Throw Flame       |    16 |    41 |    33 ||    90
       Conjure Flame     |       |     4 |     7 ||    11
       Inner Flame       |       |     1 |    10 ||    11
       Fireball          |       |       |     7 ||     7
       Sticky Flame      |       |       |    19 ||    19
Evoke: Wand              |       |     1 |    13 ||    14
  Use: Scroll            |     5 |    11 |     8 ||    24
       Potion            |       |     1 |     8 ||     9
 Stab: Sleeping          |       |     2 |     1 ||     3
       Paralysed         |       |       |     4 ||     4
  Eat: Chunk             |     2 |     8 |    17 ||    27
Armor: Robe              |     5 |       |    65 ||    70
       Skin              |       |       |     2 ||     2
Dodge: Dodged            |    13 |    19 |   151 ||   183
